 Seeded DCSS version 0.31-a0-889-g1a8549509d (webtiles) character file.

Game seed: 15527868781854165169 (custom seed)

2516 Mune the Cleaver (level 9, -6/105 (126) HPs)
             Began as a Minotaur Berserker on Oct 17, 2023.
             Was a Priest of Trog.
             Mangled by a wight
             ... wielding a +0 halberd
              (7 damage)
             ... on level 7 of the Dungeon.
             The game lasted 00:10:46 (6055 turns).

Mune the Cleaver (Minotaur Berserker)               Turns: 6055, Time: 00:10:48

HP:   -6/105 (126)  AC:  7    Str: 26    XL:     9   Next: 29%
MP:   8/8           EV: 12    Int:  4    God:    Trog [***...]
Gold: 1382          SH:  0    Dex: 10    Spells: 8/8 levels left

rFire   . . .        a - +0 hand axe
rCold   . . .        (no shield)
rNeg    . . .        n - +0 leather armour
rPois   .            f - +2 hat
rElec   .            m - +0 cloak
rCorr   .            (no gloves)
SInv    .            l - +0 pair of boots
Will    ++...        (no amulet) Stlth
                     (no ring)
HPRegen 1.37/turn    (no ring)
MPRegen 0.11/turn

%: no passive effects
@: berserking, strong-willed, regenerating, heavily drained, very quick
A: horns 2, retaliatory headbutt
a: Renounce Religion, Berserk, Trog's Hand


You were on level 7 of the Dungeon.
You worshipped Trog.
Trog was most pleased with you.
You visited 1 branch of the dungeon, and saw 7 of its levels.

You collected 1382 gold pieces.

Inventory:

Hand Weapons
 a - a +0 hand axe (weapon)
 i - a +5 scythe of pain
Armour
 b - a +0 animal skin
 f - a +2 hat (worn)
 l - a +0 pair of boots (worn)
 m - a +0 cloak (worn)
 n - a +0 leather armour (worn)
Jewellery
 s - the ring "Epham" {rN++ rCorr Dex+2 Slay-5}
   (You took it off an orc on level 5 of the Dungeon)

   [ring of resist corrosion]

   Dex+2:     It affects your dexterity (+2).
   Slay-5:    It affects your accuracy & damage with ranged weapons and melee
   (-5).
   rN++:      It greatly protects you from negative energy.
   rCorr:     It protects you from acid and corrosion.
Talismans
 p - a storm talisman
Wands
 r - a wand of acid (4)
Scrolls
 g - 5 scrolls of teleportation
 j - 2 scrolls of fear
 o - a scroll of noise {unknown}
 q - a scroll of blinking
 t - a scroll of enchant weapon {unknown}
 u - a scroll of enchant armour {unknown}
 v - a scroll of immolation {unknown}
Potions
 d - a potion of curing {unknown}
 e - 2 potions of brilliance
 h - a potion of haste {unknown}
 k - 2 potions of heal wounds {unknown}


   Skills:
 + Level 9.4 Fighting
 + Level 12.2(12.4) Axes
 - Level 3.3(8.5) Polearms
 - Level 2.5 Armour
 - Level 2.2 Dodging


You had 8 spell levels left.
You didn't know any spells.
Your spell library was empty.

Dungeon Overview and Level Annotations

Branches:
Dungeon (7/15)             Temple (0/1) D:7

Altars:
Gozag
Qazlal
Trog
Xom


Innate Abilities, Weirdness & Mutations

You have a pair of horns on your head.
You reflexively headbutt those who attack you in melee.


Message History

You hit the wight.
The wight is moderately damaged.
You hit the wight but do no damage.
The wight hits you from afar with a +0 halberd!
You feel drained. The wight hits you with a +0 trident!
You feel drained.
You are too injured to fight recklessly!
You are too injured to fight recklessly!
You are too injured to fight recklessly!
You are too injured to fight recklessly!
You are too injured to fight recklessly!
You are too injured to fight recklessly!
You are too injured to fight recklessly!
Your skin crawls.
You feel strong-willed.
The wight hits you from afar with a +0 halberd!
* * * LOW HITPOINT WARNING * * *
You feel drained.
* * * LOW HITPOINT WARNING * * *
The wight barely misses you. You furiously retaliate!
You headbutt the wight! The wight misses you.
Okay, then.
Okay, then.
A red film seems to cover your vision as you go berserk!
You feel yourself moving faster!
You feel mighty! The wight closely misses you.
The wight hits you with a +0 trident!
* * * LOW HITPOINT WARNING * * *
You feel drained.
* * * LOW HITPOINT WARNING * * *
You barely miss the wight. You headbutt the wight.
You destroy the wight!
Trog accepts your kill.
You barely miss the wight. You slash the wight!
The wight is severely damaged.
The wight hits you with a +0 trident!
* * * LOW HITPOINT WARNING * * *
You feel drained.
* * * LOW HITPOINT WARNING * * *
The wight hits you from afar with a +0 halberd!
You die...

.................#
....>....⌠.......#
......#.##########
##........#
#........#
#........#
#........#
######.### #@#
#zz# #z.## ..z#
...# ##.# #. #


You could see 4 wights.

Vanquished Creatures
  Pikel (D:5)
  Sigmund (D:2)
  Eustachio (D:6)
  A water moccasin (D:5)
  6 black bears
  2 ogres (D:6)
  A lemure (D:5)
  A phantom (D:4)
  3 scorpions
  A wight (D:7)
  5 hounds
  2 orc priests (D:6)
  2 gnoll boudas
  3 orc wizards
  14 gnolls
  5 adders
  4 white imps
  A worm (D:2)
  A dart slug (D:2)
  20 orcs
  11 endoplasms
  3 giant cockroaches
  4 goblins
  6 hobgoblins
  4 quokkas
  5 ball pythons
  7 bats
  5 frilled lizards
  11 kobolds
  5 rats
136 creatures vanquished.

Notes
Turn   | Place    | Note
-------+----------+-------------------------------------------
     0 | D:1      | Mune the Minotaur Berserker began the quest for the Orb.
     0 | D:1      | Reached XP level 1. HP: 19/19 MP: 0/0
   233 | D:1      | Reached skill level 4 in Axes
   233 | D:1      | Reached XP level 2. HP: 27/27 MP: 1/1
   391 | D:1      | Found a faded altar of an unknown god.
   447 | D:1      | Reached ** piety under Trog
   509 | D:1      | Reached XP level 3. HP: 33/33 MP: 2/2
  1012 | D:2      | Noticed Sigmund
  1020 | D:2      | Killed Sigmund
  1021 | D:2      | Reached skill level 5 in Fighting
  1021 | D:2      | Reached skill level 6 in Axes
  1021 | D:2      | Reached XP level 4. HP: 42/42 MP: 3/3
  1021 | D:2      | Reached XP level 5. HP: 48/48 MP: 4/4
  1599 | D:3      | Reached XP level 6. HP: 57/57 MP: 5/5
  2438 | D:4      | Reached skill level 7 in Axes
  2438 | D:4      | Reached skill level 1 in Polearms
  2778 | D:4      | Identified a scroll of acquirement
  2780 | D:4      | Acquired 1049 gold pieces
  2802 | D:4      | Found a stormy altar of Qazlal.
  2819 | D:4      | Found an opulent altar of Gozag.
  2904 | D:4      | Reached XP level 7. HP: 62/63 MP: 6/6
  2942 | D:4      | Reached *** piety under Trog
  3022 | D:4      | Reached skill level 8 in Axes
  3505 | D:5      | Entered Level 5 of the Dungeon
  3547 | D:5      | Identified the ring "Epham" {rN++ rCorr Dex+2 Slay-5}
  3558 | D:5      | Found a shimmering altar of Xom.
  3903 | D:5      | Noticed Pikel
  3914 | D:5      | Killed Pikel
  3915 | D:5      | Reached skill level 9 in Axes
  3915 | D:5      | Reached XP level 8. HP: 73/73 MP: 7/7
  4163 | D:5      | Reached skill level 10 in Axes
  4871 | D:6      | Found a bloodstained altar of Trog.
  4974 | D:6      | Reached skill level 11 in Axes
  5102 | D:6      | Noticed Eustachio
  5116 | D:6      | Killed Eustachio
  5117 | D:6      | Reached XP level 9. HP: 46/82 MP: 8/8
  5674 | D:6      | Reached skill level 12 in Axes
  6021 | D:7      | Found a staircase to the Ecumenical Temple.
  6055 | D:7      | HP: 2/109 [wight/+0 trident (12)]
  6055 | D:7      | Mangled by a wight

Illustrated notes

Levels and vault maps discovered:
D:1:      beargit_arrival_greenhouse, layout_loops_ring,
          chequers_ecumenical_altar_simple, lexackson_kobold_supper
D:2:      layout_rooms, uniq_sigmund
D:3:      layout_loops_corners, minmay_misc_feat_room
D:4:      layout_cave_pools, mainiacjoe_overflow_catwalk_spiral,
          grunt_decor_clamped, minivault_14
D:5:      layout_cave_pods, xom_butterflies, nicolae_tricolors, uniq_pikel
D:6:      layout_basic, trog_ov_bears_minmay, uniq_eustachio
D:7:      layout_basic, temple_fountains, uniq_jeremiah

Skill      XL: |  1  2  3  4  5  6  7  8  9 |
---------------+----------------------------+-----
Axes           | 4 6 7 9 11 12 | 12.2
Fighting       | 4 5 6 7 8 9 |  9.4
Polearms       | 1 3 |  3.3
Armour         | |  2.5
Dodging        | |  2.2

Action                     |  1- 3 |  4- 6 |  7- 9 || total
---------------------------+-------+-------+-------++-------
  Melee: Hand axe          |    69 |    62 |   195 ||   326
         Headbutt          |     8 |    17 |    33 ||    58
         Punch             |     3 |       |     2 ||     5
         Halberd           |       |    23 |       ||    23
 Invoke: Berserk           |     1 |     1 |     6 ||     8
         Trog's Hand       |       |       |     1 ||     1
    Use: Scroll            |       |     5 |     1 ||     6
   Stab: Sleeping          |     1 |       |       ||     1
 Armour: Animal skin       |    29 |     6 |       ||    35
         Leather armour    |       |    54 |   141 ||   195
  Dodge: Dodged            |    34 |    58 |   103 ||   195

Table legend: (Time is in decaauts)
 A = Elapsed time spent in this place.
 B = Non-inter-level travel time spent in this place.
 C = Inter-level travel time spent in this place.
 D = Time resting spent in this place.
 E = Time spent auto-exploring this place.
 F = Levels seen in this place.
 G = Mean time per level.
                   A        B        C        D        E       F      G
               +--------+--------+--------+--------+--------+-----+--------+
         Total |   6087 |   5712 |    375 |    849 |   4092 |   7 |  869.6 |
       Dungeon |   6087 |   5712 |    375 |    849 |   4092 |   7 |  869.6 |
               +--------+--------+--------+--------+--------+-----+--------+

Top non-repeatable levels by time:
     D:5: 1292 daAuts
     D:4: 1090 daAuts
     D:6: 1032 daAuts
     D:3: 942 daAuts
     D:1: 915 daAuts
     D:2: 590 daAuts
     D:7: 224 daAuts
